Map: Croisement de Kairos EC

Players

ZipperTheFly - Winner!

  • Race: Terran Terran
  • Spawn Location: 5:00

ShaDoWn

  • Race: Protoss Protoss
  • Spawn Location: 11:00

Event: 2019 WCS Spring

VOD

Have the link to the VOD?

Description

Time

  • Played on: May 17, 2019, 12:52 p.m.
  • Length: 12:41

All games in this series

Show
View Real Time Build Order
Export as new Build Order

ZipperTheFly Terran - Winner!

Build Orders: Liberator Opening, Reaper Expand 

Get SALT Encoding   

  12  0:00  SCV  
  13  0:12  SCV  
  14  0:16  Supply Depot  
  14  0:25  SCV  
  15  0:38  SCV  
  15  0:40  Barracks  
  16  0:44  Refinery  
  16  0:50  SCV  
  17  1:02  SCV  
  18  1:14  SCV  
  19  1:28  Orbital Command  
  19  1:29  Reaper  
  20  1:40  Command Center  
  20  1:54  SCV  
  20  1:56  Bunker  
  20  2:01  Marine  
  22  2:06  SCV  
  23  2:09  Supply Depot  
  23  2:15  Factory  
  23  2:23  Barracks Reactor, Refinery  
  23  2:31  SCV  
  24  2:43  SCV  
  25  2:52  Orbital Command  
  25  2:55  SCV  
  26  2:59  Marine x2  
  26  3:02  Starport  
  28  3:08  Barracks  
  28  3:11  SCV  
  29  3:15  Widow Mine  
  31  3:21  Liberator  
  31  3:23  Marine x2  
  31  3:25  SCV  
  31  3:26  SCV  
  35  3:37  Factory Tech Lab  
  35  3:40  SCV x2  
  40  3:46  Supply Depot  
  40  3:49  Marine x2  
  40  3:52  SCV x2  
  44  4:01  Factory Tech Lab  
  44  4:06  Stimpack  
  44  4:07  SCV  
  44  4:09  Marine x2  
  46  4:17  SCV  
  46  4:26  Siege Tank  
  46  4:29  Marine x2  
  46  4:31  SCV, Barracks  
  51  4:32  Starport Reactor  
  51  4:33  SCV  
  51  4:35  Refinery  
  51  4:36  Supply Depot  
  53  4:43  SCV  
  54  4:50  Supply Depot  
  54  4:57  SCV x2, Marine x2  
  54  4:58  Siege Tank  
  61  5:09  Supply Depot  
  61  5:10  SCV  
  61  5:13  SCV  
  61  5:14  Engineering Bay, Marine  
  63  5:15  Marine  
  63  5:18  Starport Reactor  
  65  5:22  SCV  
  65  5:25  Marine x3  
  69  5:30  SCV  
  69  5:31  Siege Tank  
  69  5:32  Marine  
  69  5:34  Supply Depot  
  74  5:38  Supply Depot  
  74  5:39  Terran Infantry Weapons Level 1  
  74  5:42  Marine  
  74  5:43  Marine x2  
  74  5:44  Marine  
  78  5:55  SCV x2, Marine  
  78  5:56  Medivac x2  
  85  5:59  Supply Depot  
  85  6:01  Supply Depot  
  85  6:02  Marine  
  85  6:03  Marine  
  87  6:04  Marine  
  87  6:06  Marine  
  87  6:08  Combat Shield  
  89  6:18  Marine  
  89  6:21  Siege Tank  
  89  6:23  Supply Depot  
  93  6:31  Marine x4  
  97  6:36  Marine  
  98  6:48  Marine  
  98  6:49  Marine x3  
  98  6:53  SCV  
  101  6:59  SCV  
  97  7:11  Bunker x2  
  97  7:14  Liberator  
  97  7:15  Bunker  
  95  7:20  Marine x2  
  83  7:31  Marine x3  
  86  7:38  Marine x2  
  87  7:48  Marine  
  87  7:49  Marine x2  
  90  7:53  Bunker  
  90  7:55  Bunker, Marine  
  91  7:58  Marine  
  91  7:59  Liberator  
  88  8:06  Marine  
  88  8:11  Marine x2  
  80  8:14  Marine  
  71  8:27  Marine x2  
  71  8:29  Marine  
  62  8:44  Medivac, Marine x2  
  62  8:47  SCV x2  
  67  8:55  Marine x2  
  69  8:56  Marine  
  69  8:59  SCV, Medivac  
  69  9:02  Marine x2  
  73  9:15  Marine x3  
  73  9:16  Siege Tank  
  61  9:23  Marine x2  
  60  9:25  Medivac  
  60  9:27  Terran Infantry Armor Level 1  
  60  9:28  SCV x2  
  64  9:32  Marine x2  
  64  9:35  Marine  
  58  9:40  SCV, Marine  
  58  9:41  Marine  
  59  9:48  Siege Tank  
  59  9:50  Marine x2  
  59  9:53  Marine  
  59  9:54  SCV  
  59  9:58  Marine x2  
  63  10:00  SCV  
  63  10:06  SCV  
  63  10:08  Marine x2  
  63  10:11  Marine  
  65  10:16  Marine x2  
  63  10:26  Marine x2  
  63  10:28  Siege Tank  
  67  10:29  Marine  
  67  10:34  Marine x2  
  67  10:41  Medivac x2  
  71  10:44  Marine x2  
  71  10:47  Marine  
  74  10:52  Marine x2  
  75  11:01  Marine  
  75  11:02  Marine  
  74  11:04  Marine  
  74  11:09  Marine  
  74  11:10  Marine  
  74  11:14  SCV  
  73  11:19  Marine x2  
  73  11:22  Marine  
  75  11:27  Marine x2  
  67  11:38  Marine x2  
  59  11:44  Marine  
  59  11:45  Marine x2  
  59  11:46  Siege Tank  
  63  11:55  Medivac  
  64  12:06  Marine x2  
  66  12:10  Marine  
Show
View Real Time Build Order
Export as new Build Order

ShaDoWn Protoss 

Build Orders: 1 Gate Expand, Blink Stalkers 

Get SALT Encoding   

  13  0:10  Pylon  
  13  0:13  Probe  
  13  0:28  Probe  
  13  0:29  Gateway  
  14  0:37  Probe  
  15  0:43  Assimilator  
  15  0:46  Probe  
  16  0:59  Probe  
  17  1:11  Probe  
  18  1:15  Cybernetics Core  
  18  1:22  Pylon  
  18  1:23  Probe  
  19  1:42  Nexus, Adept  
  19  1:45  Probe  
  22  1:57  Probe  
  23  2:02  Stalker, Assimilator  
  23  2:09  Probe  
  26  2:21  Probe  
  27  2:32  Stalker  
  27  2:33  Probe  
  30  2:45  Probe  
  30  2:49  Warp Gate  
  30  2:50  Probe  
  31  2:55  Twilight Council  
  31  2:57  Probe  
  33  2:58  Probe  
  34  3:08  Probe  
  34  3:09  Probe  
  36  3:16  Gateway  
  36  3:20  Probe  
  36  3:21  Probe  
  38  3:32  Probe  
  38  3:33  Blink  
  38  3:34  Probe  
  40  3:38  Robotics Facility  
  40  3:44  Probe  
  40  3:46  Probe, Pylon  
  42  3:51  Gateway  
  42  3:52  Probe  
  42  3:58  Probe  
  42  4:00  Probe  
  44  4:09  Assimilator  
  45  4:10  Probe  
  45  4:11  Probe  
  47  4:19  Observer  
  47  4:22  Probe  
  47  4:23  Probe  
  49  4:26  Pylon  
  49  4:28  Nexus  
  50  4:34  Probe  
  50  4:35  Probe  
  50  4:38  Stalker, Pylon  
  52  4:43  Observer  
  52  4:44  Stalker  
  57  4:48  Stalker  
  59  5:01  Forge x2  
  59  5:02  Stalker  
  59  5:05  Observer  
  59  5:08  Probe  
  59  5:11  Stalker  
  59  5:12  Probe  
  63  5:20  Probe  
  64  5:26  Gateway  
  64  5:30  Gateway, Warp Prism  
  67  5:40  Protoss Ground Armor Level 1  
  65  5:43  Protoss Ground Weapons Level 1  
  65  5:49  Charge  
  65  5:50  Gateway  
  65  5:52  Gateway  
  65  5:55  Probe  
  66  5:57  Probe  
  66  6:01  Probe  
  68  6:05  Zealot x2, Sentry  
  68  6:07  Probe  
  68  6:09  Probe  
  76  6:14  Probe  
  76  6:17  Gateway  
  77  6:19  Immortal  
  83  6:31  Zealot x2  
  85  6:36  Shield Battery  
  85  6:37  Shield Battery  
  85  6:42  Pylon  
  85  6:43  Pylon  
  85  6:56  Immortal  
  87  7:01  Stalker x4  
  93  7:13  Zealot x4  
  97  7:26  Stalker  
  97  7:27  Stalker x2  
  95  7:37  Zealot x3  
  95  7:39  Pylon  
  100  7:55  Probe  
  100  7:56  Pylon  
  100  7:57  Pylon  
  101  7:58  Zealot x4  
  97  8:08  Zealot x4  
  97  8:09  Probe  
  85  8:19  Stalker x4  
  84  8:22  Probe  
  74  8:33  Zealot  
  74  8:34  Zealot x3  
  51  8:44  Stalker x3  
  51  8:48  Zealot  
  59  8:54  Zealot  
  61  8:56  Zealot  
  61  8:59  Zealot  
  65  9:08  Zealot x2  
  65  9:12  Probe  
  64  9:29  Nexus  
  64  9:36  Pylon  
  64  9:37  Probe  
  64  9:50  Stalker x2  
  61  10:04  Probe  
  60  10:09  Probe  
  61  10:16  Probe  
  56  10:22  Probe  
  56  10:25  Stalker x2  
  60  10:30  Probe  
  62  10:35  Probe  
  62  10:38  Probe  
  65  10:44  Probe  
  65  10:46  Probe  
  65  10:47  Sentry  
  69  10:52  Probe  
  68  10:58  Stalker, Zealot x3  
  76  11:06  Stalker, Zealot  
  80  11:15  Stalker  
  80  11:21  Zealot x2  
  70  11:34  Zealot x4  
  58  11:47  Zealot x3  
  60  11:54  Probe  
  60  11:55  Probe  
  60  11:59  Observer  
  60  12:00  Zealot x2, Sentry  
  69  12:09  Zealot x2  
  61  12:17  Stalker x2  
  59  12:22  Stalker  
  59  12:27  Stalker  
  40  12:39  Stalker x2  
Tags
 
Add a new tag
Caveats
  • Supply blocks, unpowered buildings, or Contaminate may cause inaccurate times.
  • Supply counts are checked every 10 seconds.